[Event "Titled Tuesday Blitz October 26 2021"]
[White "Tanenbaum, Zachary"]
[Black "Indjic, Aleksandar"]
[WhiteFideId "2060850"]
[BlackFideId "911925"]
[WhiteElo "2165"]
[BlackElo "2643"]
[Result "1-0"]
[Round "09"]
[TimeControl "180+1"]
[Date "2021.10.26"]
[WhiteClock "0:00:07"]
[BlackClock "0:00:12"]

1. e4 g6 2. d4 Nf6 3. e5 Nh5 4. Nf3 d6 5. Nc3 Nc6 6. Bb5 Bd7 7. Bg5 h6 8. Bh4 g5 9. Bg3 Bg7 10. Bxc6 Bxc6 11. Qe2 Nxg3 12. hxg3 e6 13. d5 exd5 14. exd6+ Kf8 15. dxc7 Qxc7 16. O-O-O Re8 17. Qd3 Qa5 18. Nd4 h5 19. Qf5 Qc5 20. Nb3 Qd6 21. Nxd5 Qe6 22. Qxe6 Rxe6 23. Ne3 Re8 24. Nd4 Bxd4 25. Rxd4 Kg7 26. Rd6 f6 27. Rhd1 Kg6 28. Nd5 Rhf8 29. b3 Re2 30. Rd2 Re1+ 31. Rd1 Re5 32. Ne3 Rxe3 33. fxe3 Bxg2 34. c4 Be4 35. R6d4 Bc6 36. Kd2 Re8 37. b4 Re5 38. b5 Be4 39. c5 h4 40. gxh4 gxh4 41. Rc4 Re8 42. c6 bxc6 43. bxc6 h3 44. c7 Bf5 45. Rg1+ Kf7 46. Rf1 Bc8 47. Rd4 h2 48. Rd8 Bb7 49. Rb8 Re7 50. Rxb7 Rd7+ 51. Ke2 1-0


[Site "https://www.chess.com"]

[Event "Titled Tuesday Blitz October 26 2021"]
[White "Timofeev, Artyom"]
[Black "Martinez Alcantara, Jose Eduardo"]
[WhiteFideId "4140419"]
[BlackFideId "3805662"]
[WhiteElo "2591"]
[BlackElo "2690"]
[Result "0-1"]
[Round "09"]
[TimeControl "180+1"]
[Date "2021.10.26"]
[WhiteClock "0:01:24"]
[BlackClock "0:00:58"]

1. c4 c5 2. Nc3 Nc6 3. g3 g6 4. Bg2 Bg7 5. Nf3 d6 6. O-O e6 7. d3 Nge7 8. Bd2 O-O 9. a3 b6 10. Rb1 Bb7 11. b4 Qd7 12. Re1 Nd4 13. e3 Nxf3+ 14. Bxf3 Bxf3 15. Qxf3 Nc6 16. Qe2 Rac8 17. Ne4 d5 18. cxd5 exd5 19. Ng5 c4 20. d4 Rfe8 21. Qd1 Ne7 22. Rc1 Nf5 23. Nf3 Nd6 24. Bc3 Qf5 25. Nd2 Qd3 26. a4 a6 27. Qc2 Bf8 28. Red1 b5 29. a5 Qe2 30. Re1 Qg4 31. Qd1 Qf5 32. Qf3 Qxf3 33. Nxf3 Ne4 0-1


[Site "https://www.chess.com"]

[Event "Titled Tuesday Blitz October 26 2021"]
[White "Tregubov, Pavel V."]
[Black "Begmuratov, Khumoyun"]
[WhiteFideId "4115341"]
[BlackFideId "14210207"]
[WhiteElo "2423"]
[BlackElo "1948"]
[Result "1-0"]
[Round "09"]
[TimeControl "180+1"]
[Date "2021.10.26"]
[WhiteClock "0:02:10"]
[BlackClock "0:01:48"]

1. e4 e5 2. Nf3 Nc6 3. Bb5 Nf6 4. d4 exd4 5. O-O a6 6. Ba4 d6 7. Nxd4 Bd7 8. Bxc6 bxc6 9. Qf3 c5 10. e5 dxe5 11. Nf5 g6 12. Bg5 e4 13. Qc3 Nd5 14. Qe5+ Be6 15. Bxd8 gxf5 16. Qxh8 Rxd8 17. Nc3 Nf4 18. Rad1 Rb8 1-0


[Site "https://www.chess.com"]

[Event "Titled Tuesday Blitz October 26 2021"]
[White "Tristan, Leonardo"]
[Black "Manukyan, Artyom"]
[WhiteFideId "113816"]
[BlackFideId "13305786"]
[WhiteElo "2404"]
[BlackElo "2034"]
[Result "1-0"]
[Round "09"]
[TimeControl "180+1"]
[Date "2021.10.26"]
[WhiteClock "0:00:08"]
[BlackClock "0:00:01"]

1. d4 d5 2. Nf3 Nf6 3. Bf4 c5 4. e3 Nc6 5. Nbd2 Nh5 6. dxc5 Nxf4 7. exf4 Qa5 8. Bd3 Qxc5 9. c3 Qd6 10. g3 g6 11. O-O Bg7 12. Re1 O-O 13. Nb3 Bg4 14. Be2 a6 15. Nfd4 Bd7 16. Bf3 Rfd8 17. Bg2 Re8 18. Qd2 Rad8 19. Rad1 Nxd4 20. Nxd4 b5 21. h3 Bc8 22. Nf3 Bb7 23. Ne5 a5 24. a3 Qc5 25. Qd3 Qb6 26. Re2 b4 27. cxb4 Ba6 28. b5 Bxb5 29. Qb3 a4 30. Qb4 Bxe2 31. Qxb6 Bxd1 32. Qb5 Bb3 33. Nc6 Rd7 34. Nd4 Red8 35. Nxb3 axb3 36. Qxb3 d4 37. Qd3 Rb8 38. b4 Rc8 39. Bf1 Rc3 40. Qb5 Rd6 41. Qb8+ Bf8 42. a4 d3 43. Bxd3 Rcxd3 44. a5 Rd8 45. Qb7 R3d7 46. Qc6 e6 47. b5 Rd6 48. Qc7 R8d7 49. Qc8 Rd8 50. Qc7 R6d7 51. Qc6 Rd1+ 52. Kg2 R1d6 53. Qc7 R6d7 54. Qc6 Bb4 55. a6 Rd6 56. Qc7 R6d7 57. Qc4 Ba5 58. Qc6 Rd6 59. Qb7 R6d7 60. Qc6 Rd6 61. Qe4 Bb6 62. Qb7 R8d7 63. Qb8+ Rd8 64. a7 Bxa7 65. Qxa7 Kg7 66. Qa1+ f6 67. Qa7+ R6d7 68. Qc5 Re8 69. Qc6 Ree7 70. h4 Kf7 71. h5 gxh5 72. Qf3 Rd5 73. b6 Rb7 74. Qb3 Rd6 75. f5 Rbxb6 76. Qf3 exf5 77. Qxh5+ Ke6 78. Qxh7 Rd2 79. Qg8+ Ke5 80. Qe8+ Re6 81. Qb5+ 1-0


[Site "https://www.chess.com"]

[Event "Titled Tuesday Blitz October 26 2021"]
[White "Trost, Edvin"]
[Black "Kislov, Oleg"]
[WhiteFideId "1729519"]
[BlackFideId "13503774"]
[WhiteElo "2026"]
[BlackElo "2252"]
[Result "0-1"]
[Round "09"]
[TimeControl "180+1"]
[Date "2021.10.26"]
[WhiteClock "0:00:17"]
[BlackClock "0:00:38"]

1. e4 c5 2. Nf3 Nc6 3. d4 cxd4 4. Nxd4 e5 5. Nb5 d6 6. N1c3 a6 7. Na3 b5 8. Nd5 Nge7 9. c4 Nd4 10. Nc2 Nxd5 11. Nxd4 Nf6 12. Nf3 Be7 13. Bd3 O-O 14. O-O bxc4 15. Bxc4 Bb7 16. Bd5 Nxd5 17. exd5 Qa5 18. Be3 Qxd5 19. Qe2 Qb5 20. Qxb5 axb5 21. Rfc1 Rfc8 22. Nd2 d5 23. Bb6 d4 24. f4 f6 25. a3 Kf7 26. Nb3 Bd5 27. Nd2 Ke6 28. Kf2 Kd6 29. b4 Rxc1 30. Rxc1 Rxa3 31. Bc5+ Ke6 32. Bxe7 Kxe7 33. Rc5 Ke6 34. Rxb5 Ra2 35. Ke1 e4 36. f5+ Kd6 37. Nf1 e3 38. Ng3 Ra1+ 39. Ke2 Bc4+ 40. Kf3 Bxb5 41. Ne4+ Ke5 42. Ng3 e2 43. Kg4 e1=Q 44. Kh3 Qe3 45. Kh4 Qh6+ 46. Nh5 Be2 47. Kg3 Qxh5 48. h4 Qg4+ 49. Kf2 Bc4 50. g3 Ra2+ 51. Ke1 Qe2# 0-1


[Site "https://www.chess.com"]

[Event "Titled Tuesday Blitz October 26 2021"]
[White "Urazayev, Arystanbek"]
[Black "Harshavardhan G B"]
[WhiteFideId "13709810"]
[BlackFideId "25059009"]
[WhiteElo "2321"]
[BlackElo "1825"]
[Result "1-0"]
[Round "09"]
[TimeControl "180+1"]
[Date "2021.10.26"]
[WhiteClock "0:00:20"]
[BlackClock "0:00:15"]

1. e4 c5 2. Nf3 d6 3. d4 cxd4 4. Nxd4 Nf6 5. Nc3 a6 6. Be2 e5 7. Nb3 Be7 8. h4 Be6 9. f4 exf4 10. Bxf4 Nc6 11. Qd2 b5 12. O-O-O O-O 13. Qe3 b4 14. Nd5 Bxd5 15. exd5 Ne5 16. h5 a5 17. h6 g6 18. Nc5 Neg4 19. Bxg4 Nxg4 20. Qg3 dxc5 21. Qxg4 Bf6 22. Rhe1 a4 23. Be5 b3 24. a3 bxc2 25. Kxc2 Bxe5 26. Rxe5 Qf6 27. Rde1 Rab8 28. Qxa4 Qb6 29. Rb1 c4 30. Qb4 Qd4 31. Qc3 Qf2+ 32. Qd2 Qg3 33. Re3 Qg5 34. Rf1 Qxh6 35. Qc3 Qg5 36. Qd2 Rfd8 37. Rd1 Qf5+ 38. Kc1 Rb3 39. Rxb3 cxb3 40. Qd3 Rc8+ 41. Kb1 Qg4 42. Qxb3 Qxg2 43. d6 Qg4 44. d7 Rd8 45. Qd5 h5 46. Rd4 Qg1+ 47. Ka2 Qe3 48. Re4 Qb6 49. Re8+ Kg7 50. Qe5+ Kh6 51. Rh8+ Rxh8 52. Qxh8+ Kg5 53. d8=Q+ Kf5 54. Qxb6 1-0


[Site "https://www.chess.com"]

[Event "Titled Tuesday Blitz October 26 2021"]
[White "Vlachos, Anatole"]
[Black "Shipov, Sergei"]
[WhiteFideId "26093189"]
[BlackFideId "4113624"]
[WhiteElo "2350"]
[BlackElo "2808"]
[Result "1-0"]
[Round "09"]
[TimeControl "180+1"]
[Date "2021.10.26"]
[WhiteClock "0:00:54"]
[BlackClock "0:00:12"]

1. e4 e6 2. d4 d5 3. Bd3 dxe4 4. Bxe4 Nf6 5. Bf3 c5 6. Ne2 Nc6 7. Be3 cxd4 8. Nxd4 Ne5 9. Be2 a6 10. O-O Qc7 11. c4 Bd6 12. b3 O-O 13. Nc3 b6 14. Ndb5 axb5 15. Nxb5 Qc6 16. Qxd6 Bb7 17. Qxc6 Bxc6 18. Bxb6 Ned7 19. Be3 h6 20. a4 Rfb8 21. a5 Bxb5 22. cxb5 Nd5 23. b6 Nxe3 24. fxe3 Nxb6 25. axb6 Rxa1 26. Rxa1 Rxb6 27. Bc4 g5 28. e4 Kg7 29. e5 Rc6 30. Re1 Rc5 31. g4 h5 32. h3 hxg4 33. hxg4 Ra5 34. Kf2 Rc5 35. Re2 Ra5 36. Kf3 Kg6 37. Ke4 Ra1 38. Rb2 Re1+ 39. Be2 f5+ 40. exf6 Kxf6 41. b4 Ke7 42. b5 Kd8 43. b6 Kc8 44. b7+ Kb8 45. Ke5 Rc1 46. Bf3 Rc3 47. Be4 Rc5+ 48. Kf6 Rc4 49. Bg2 Rxg4 50. Rc2 Rxg2 51. Rxg2 Kxb7 52. Kxe6 1-0


[Site "https://www.chess.com"]

[Event "Titled Tuesday Blitz October 26 2021"]
[White "Yeletsky, Ivan"]
[Black "Carnicelli, Valerio"]
[WhiteFideId "24180327"]
[BlackFideId "856185"]
[WhiteElo "2352"]
[BlackElo "2332"]
[Result "0-1"]
[Round "09"]
[TimeControl "180+1"]
[Date "2021.10.26"]
[WhiteClock "0:00:07"]
[BlackClock "0:00:08"]

1. c4 Nf6 2. Nc3 g6 3. g3 Bg7 4. Bg2 O-O 5. e3 d6 6. Nge2 e5 7. O-O Nc6 8. d3 Be6 9. Nd5 Bxd5 10. cxd5 Ne7 11. Nc3 c6 12. dxc6 bxc6 13. d4 exd4 14. exd4 d5 15. Bf4 Nf5 16. Be5 Nd6 17. b3 Re8 18. Rc1 Rc8 19. Qd3 Nfe4 20. Bxg7 Kxg7 21. Na4 h5 22. Bh3 Rc7 23. Rc2 Qg5 24. Rfc1 h4 25. Bg2 hxg3 26. hxg3 Nf5 27. Nc5 Nxf2 28. Kxf2 Re3 29. Qd2 Qxg3+ 30. Kg1 Nh4 31. Qf2 Qg5 32. Rc3 Nf3+ 33. Kf1 Nh2+ 34. Kg1 Ng4 35. Rxe3 Nxf2 36. Kxf2 Qh4+ 37. Ke2 Qxd4 38. Bf3 Qb2+ 39. Kd1 Qxa2 40. Rc2 Qa1+ 41. Ke2 Qd4 42. Nd3 c5 43. Nf2 c4 44. Rd2 Qf6 45. Bxd5 c3 46. Rc2 a5 47. Bc4 a4 48. Rexc3 axb3 49. Rxb3 Re7+ 50. Re3 Rxe3+ 51. Kxe3 Qg5+ 52. Ke2 Qe5+ 53. Kd2 Qf4+ 54. Ke2 g5 55. Bd3 g4 56. Rc4 Qf3+ 57. Ke1 g3 58. Nh3 Qxd3 59. Rg4+ Kf8 60. Rf4 Qe3+ 61. Kf1 Qd2 62. Rf3 Qh2 63. Ng1 Ke7 64. Rf5 Ke6 65. Rf3 f5 66. Re3+ Kf6 67. Rf3 Ke5 68. Re3+ Kd5 69. Rd3+ Ke4 70. Rf3 Qxg1+ 71. Kxg1 Kxf3 72. Kh1 f4 73. Kg1 Ke2 74. Kh1 f3 75. Kg1 f2+ 0-1


[Site "https://www.chess.com"]

[Event "Titled Tuesday Blitz October 26 2021"]
[White "Yoo, Christopher Woojin"]
[Black "Gabrielian, Artur"]
[WhiteFideId "30909694"]
[BlackFideId "4131002"]
[WhiteElo "2105"]
[BlackElo "2489"]
[Result "1-0"]
[Round "09"]
[TimeControl "180+1"]
[Date "2021.10.26"]
[WhiteClock "0:00:07"]
[BlackClock "0:00:01"]

1. e4 c5 2. Nf3 d6 3. d4 cxd4 4. Nxd4 Nf6 5. Nc3 Nc6 6. Bg5 e6 7. Qd3 Bd7 8. O-O-O Nb4 9. Qg3 Rc8 10. Ndb5 Qa5 11. Bxf6 gxf6 12. Nxd6+ Bxd6 13. Qxd6 Rd8 14. a3 Na6 15. Bc4 Rg8 16. g3 Rg5 17. Rd2 Rc5 18. Bxa6 bxa6 19. Rhd1 Rc6 20. Qxc6 Bxc6 21. Rxd8+ Ke7 22. R8d4 Kf8 23. Rc4 Qb6 24. Rd6 Qxf2 25. Rcxc6 Qxh2 26. Rd3 Qg1+ 27. Nd1 Qe1 28. Rxa6 Qxe4 29. Rxa7 h5 30. Rdd7 Kg8 31. Rxf7 Qe5 32. Rfc7 Qg5+ 33. Kb1 1-0


[Site "https://www.chess.com"]

[Event "Titled Tuesday Blitz October 26 2021"]
[White "Zhigalko, Sergei"]
[Black "Aloma Vidal, Robert"]
[WhiteFideId "13502956"]
[BlackFideId "2260409"]
[WhiteElo "2662"]
[BlackElo "2435"]
[Result "1-0"]
[Round "09"]
[TimeControl "180+1"]
[Date "2021.10.26"]
[WhiteClock "0:00:03"]
[BlackClock "0:00:02"]

1. e4 e5 2. Nf3 Nf6 3. d4 Nxe4 4. Bd3 d5 5. Nxe5 Nd7 6. Nxd7 Bxd7 7. O-O Qf6 8. Nc3 Nxc3 9. bxc3 O-O-O 10. Qh5 Qe6 11. Rb1 Bd6 12. Qf3 c6 13. a4 Bc7 14. Ba6 bxa6 15. Qd3 c5 16. dxc5 Qc6 17. Qd4 f6 18. Bf4 Rhe8 19. Bxc7 Qxc7 20. Qd3 Qc6 21. Rb4 Re4 22. Rfb1 Rxb4 23. Rxb4 Re8 24. h3 Qc7 25. Qxa6+ Kd8 26. g3 Bc6 27. Rd4 Re1+ 28. Kg2 Re4 29. Qd3 Ke7 30. f3 Re5 31. Qxh7 Kf7 32. Kf2 Qe7 33. Qd3 Qxc5 34. h4 a5 35. g4 Bd7 36. h5 Bc6 37. Qg6+ Kf8 38. h6 Qe7 39. h7 Re2+ 40. Kg3 Qe5+ 41. Rf4 Rh2 42. Kxh2 Qxf4+ 43. Kg2 Qd2+ 44. Kh3 d4 45. h8=Q+ 1-0


[Site "https://www.chess.com"]

[Event "Titled Tuesday Blitz October 26 2021"]
[White "atbenina64"]
[Black "Krivonosov, Oleg"]
[BlackFideId "11600349"]
[WhiteElo "2609"]
[BlackElo "2469"]
[Result "1-0"]
[Round "09"]
[TimeControl "180+1"]
[Date "2021.10.26"]
[WhiteClock "0:00:06"]
[BlackClock "0:00:01"]

1. e4 e5 2. Nf3 Nc6 3. Nc3 Nf6 4. d4 exd4 5. Nxd4 Bb4 6. Nxc6 bxc6 7. Bd3 d5 8. exd5 cxd5 9. O-O O-O 10. h3 c6 11. Qf3 Rb8 12. Bf4 Bd6 13. b3 Be6 14. Rad1 c5 15. Rfe1 Bxf4 16. Qxf4 Qa5 17. Ne2 h6 18. Qe5 Nd7 19. Qd6 Qb6 20. Qg3 Nf6 21. Nf4 Rbe8 22. c4 d4 23. Re5 Bd7 24. Rde1 Rxe5 25. Rxe5 Re8 26. Rxe8+ Bxe8 27. Qf3 Qc6 28. Nd5 Nxd5 29. cxd5 Qd6 30. Qe4 Kf8 31. b4 cxb4 32. Qxd4 a5 33. Bc4 a4 34. g3 Bd7 35. Kg2 Qb8 36. Qc5+ Kg8 37. d6 b3 38. axb3 axb3 39. Bd3 b2 40. Bb1 g6 41. Qe5 Qb5 42. Qf6 Qd5+ 43. Kh2 Qd2 44. Bxg6 fxg6 45. Qd8+ Kf7 46. Qxd7+ Kg8 47. Qe8+ Kg7 48. Qe7+ Kg8 49. Qe6+ Kg7 50. Qd7+ Kg8 51. Qc8+ Kg7 52. Qb7+ Kg8 53. Kg2 Qxd6 54. Qxb2 Qd5+ 55. Kh2 Qf3 56. Qb8+ Kg7 57. Qa7+ Kg8 58. Qd4 h5 59. h4 Kf7 60. Qe3 Qf5 61. Kg2 Kg8 62. Qf3 Qe6 63. Qb7 Qf5 64. Qb3+ Kg7 65. Qe3 Kg8 66. f3 Qd5 67. Qe4 Qd2+ 68. Kh3 Qd7+ 69. g4 hxg4+ 70. Qxg4 Qf7 71. h5 Kh7 72. Qxg6+ Qxg6 73. hxg6+ Kxg6 74. Kg4 Kf6 75. Kf4 Ke6 76. Kg5 1-0


[Site "https://www.chess.com"]

[Event "Titled Tuesday Blitz October 26 2021"]
[White "Abarca Gonzalez, Nicolas"]
[Black "Tanenbaum, Zachary"]
[WhiteFideId "3409422"]
[BlackFideId "2060850"]
[WhiteElo "2504"]
[BlackElo "2165"]
[Result "0-1"]
[Round "10"]
[TimeControl "180+1"]
[Date "2021.10.26"]
[WhiteClock "0:00:22"]
[BlackClock "0:01:36"]

1. e4 e5 2. Qh5 Nc6 3. Bc4 g6 4. Qf3 Nf6 5. Ne2 Bg7 6. Nbc3 O-O 7. d3 d6 8. h3 Nb4 9. Bb3 Be6 10. Kd1 Bxb3 11. axb3 d5 12. exd5 Nfxd5 13. Bd2 f5 14. Nxd5 Nxd5 15. Nc3 e4 16. Qe2 Re8 17. Re1 Qd6 18. dxe4 Bxc3 19. Kc1 Rxe4 0-1


[Site "https://www.chess.com"]

[Event "Titled Tuesday Blitz October 26 2021"]
[White "Anuj Shrivatri"]
[Black "Ferreira, Vitor Hugo Vieira"]
[WhiteFideId "35070924"]
[BlackFideId "2119765"]
[WhiteElo "2038"]
[BlackElo "2216"]
[Result "0-1"]
[Round "10"]
[TimeControl "180+1"]
[Date "2021.10.26"]
[WhiteClock "0:00:10"]
[BlackClock "0:00:22"]

1. d4 d5 2. c4 c6 3. Nf3 Nf6 4. Nbd2 Bf5 5. e3 e6 6. Nh4 Bg6 7. Be2 Bd6 8. g3 Nbd7 9. O-O O-O 10. Nxg6 hxg6 11. Nf3 Re8 12. Bd2 Qe7 13. Qb3 Rab8 14. Rfd1 a6 15. Rac1 dxc4 16. Bxc4 b5 17. Bf1 c5 18. dxc5 Nxc5 19. Qc2 Nce4 20. Be1 Qb7 21. Nd4 Rbc8 22. Qb1 Be5 23. Bg2 Rxc1 24. Qxc1 Qc8 25. Qb1 Bxd4 26. Rxd4 Nc5 27. Ba5 e5 28. Rd1 e4 29. Rc1 Qf5 30. Bc3 Ng4 31. Rc2 Nd3 32. Qf1 Rc8 33. h3 Nge5 34. g4 Nf3+ 35. Kh1 Qd5 36. Bxf3 exf3 37. Rd2 Rd8 38. b3 Qe4 39. Kg1 f5 40. gxf5 gxf5 41. Kh2 Rd6 42. Ba5 f4 43. Bc7 Rd5 44. Bxf4 Nxf4 0-1


[Site "https://www.chess.com"]

[Event "Titled Tuesday Blitz October 26 2021"]
[White "Beerdsen, Thomas"]
[Black "Sadhwani, Raunak"]
[WhiteFideId "1030108"]
[BlackFideId "35093487"]
[WhiteElo "2585"]
[BlackElo "2517"]
[Result "0-1"]
[Round "10"]
[TimeControl "180+1"]
[Date "2021.10.26"]
[WhiteClock "0:00:01"]
[BlackClock "0:00:03"]

1. h3 e5 2. g4 d5 3. Bg2 Nc6 4. c4 dxc4 5. Qa4 Be6 6. Nf3 f6 7. O-O Qd7 8. Nc3 a6 9. Rd1 Nb4 10. Qxd7+ Bxd7 11. a3 Nc6 12. Rb1 O-O-O 13. b3 cxb3 14. Rxb3 Be6 15. Rb1 Bc5 16. e3 Nge7 17. d4 exd4 18. Nxd4 Bxd4 19. exd4 Nd5 20. Ne4 Bf7 21. Nc5 b6 22. Nxa6 h5 23. g5 Rhe8 24. Bd2 Nxd4 25. Kh2 Re2 26. Be1 Nf4 27. Rbc1 Rd7 28. Bh1 fxg5 29. a4 Ra2 30. Rxd4 Rxd4 31. Rxc7+ Kd8 32. Rxf7 Rd1 33. Nb4 Re2 34. Bc3 Rxf2+ 35. Kg3 Rff1 36. Nc6+ Kc8 37. Na7+ Kd8 38. Nc6+ Ke8 39. Re7+ Kf8 40. Bxg7+ Kg8 41. Be4 Rg1+ 42. Kf2 Rgf1+ 43. Kg3 Ne2+ 44. Kg2 h4 45. Bh6 Nf4+ 46. Kh2 Rf2+ 0-1


[Site "https://www.chess.com"]

[Event "Titled Tuesday Blitz October 26 2021"]
[White "Carnicelli, Valerio"]
[Black "Obolenskikh, Dmitry"]
[WhiteFideId "856185"]
[BlackFideId "4156013"]
[WhiteElo "2332"]
[BlackElo "2541"]
[Result "1-0"]
[Round "10"]
[TimeControl "180+1"]
[Date "2021.10.26"]
[WhiteClock "0:01:40"]
[BlackClock "0:00:33"]

1. e4 e5 2. Nf3 Nc6 3. d4 exd4 4. Nxd4 Bc5 5. Nf5 d5 6. Nxg7+ Kf8 7. Nh5 Qh4 8. Ng3 Nf6 9. Be2 Rg8 10. Nc3 dxe4 11. O-O Be6 12. Be3 Bd6 13. Qc1 Rg6 14. Rd1 Re8 15. a4 Be5 16. a5 a6 17. Ra4 Kg8 18. Ncxe4 Bxg3 19. Nxf6+ Qxf6 20. hxg3 Kh8 21. Bf3 Ne5 22. Rf4 Qg7 23. Bxb7 Rg4 24. Rxg4 Nxg4 25. Bd4 f6 26. Qf4 Rf8 27. Bxa6 Qg6 28. Be2 Qh5 29. Bxg4 Bxg4 30. Bxf6+ Kg8 31. Qc4+ Qf7 32. Qxg4+ 1-0


[Site "https://www.chess.com"]

[Event "Titled Tuesday Blitz October 26 2021"]
[White "Costachi, Mihnea"]
[Black "Kamsky, Gata"]
[WhiteFideId "1217518"]
[BlackFideId "2000024"]
[WhiteElo "2482"]
[BlackElo "2603"]
[Result "1/2-1/2"]
[Round "10"]
[TimeControl "180+1"]
[Date "2021.10.26"]
[WhiteClock "0:00:03"]
[BlackClock "0:00:34"]

1. d4 g6 2. c4 Bg7 3. Nc3 b6 4. e4 Bb7 5. Be2 d6 6. Be3 e6 7. Qd2 Nd7 8. f3 Bh6 9. Bxh6 Qh4+ 10. g3 Qxh6 11. Qxh6 Nxh6 12. Nh3 Ke7 13. O-O-O f6 14. Nf2 Nf7 15. f4 a6 16. Rhe1 Rhe8 17. Bf3 Kf8 18. Bh1 Kg7 19. e5 Bxh1 20. exf6+ Nxf6 21. Rxh1 e5 22. dxe5 dxe5 23. fxe5 Nxe5 24. b3 Rad8 25. Rxd8 Rxd8 26. Re1 Re8 27. Kc2 g5 28. Re3 g4 29. Nd5 Nxd5 30. cxd5 Rf8 31. Nd3 Nf3 32. Nf4 Kf6 33. h3 Kf5 34. Re7 gxh3 35. Nxh3 Kg4 36. Nf4 Kxg3 37. Ne6 Rh8 38. Rxc7 h5 39. d6 h4 40. Rg7+ Kf2 41. d7 h3 42. d8=Q Rxd8 43. Nxd8 h2 44. Rh7 Kg3 45. Rxh2 Nxh2 46. Kd3 Kf4 47. Kd4 Nf3+ 48. Kd5 Ne5 49. Nc6 Nd3 50. b4 Ke3 51. a4 Nb2 52. a5 bxa5 53. bxa5 Kd3 54. Kc5 Kc3 55. Ne5 Na4+ 56. Kd5 Kb4 57. Nc6+ Kb5 58. Nb8 Nc5 59. Nxa6 Nxa6 60. Ke5 Kxa5 1/2-1/2


[Site "https://www.chess.com"]

[Event "Titled Tuesday Blitz October 26 2021"]
[White "Djordjevic, Vuk"]
[Black "Urazayev, Arystanbek"]
[WhiteFideId "902098"]
[BlackFideId "13709810"]
[WhiteElo "2463"]
[BlackElo "2321"]
[Result "1-0"]
[Round "10"]
[TimeControl "180+1"]
[Date "2021.10.26"]
[WhiteClock "0:00:12"]
[BlackClock "0:00:27"]

1. d4 d5 2. Bf4 e6 3. e3 Nf6 4. Nd2 c5 5. c3 Nc6 6. Ngf3 Nh5 7. Bg5 Qb6 8. Qc2 h6 9. Bh4 g5 10. Bg3 Nxg3 11. hxg3 Bg7 12. dxc5 Qxc5 13. Bd3 Bd7 14. e4 O-O-O 15. exd5 exd5 16. O-O Kb8 17. Bf5 d4 18. Bxd7 Rxd7 19. Nb3 Qc4 20. Qf5 Rhd8 21. cxd4 Nxd4 22. Nbxd4 Bxd4 23. Ne5 Rd5 24. Nxc4 Rxf5 25. Rac1 Rc8 26. Nd6 Rxc1 27. Rxc1 Bxf2+ 28. Kf1 Rc5 29. Rxc5 Bxc5 30. Nxf7 Bf8 31. Ke2 Kc7 32. Kf3 Kd7 33. Ke4 Ke6 34. Nd8+ Kd7 35. Nxb7 Kc6 36. Na5+ Kb5 37. Nb3 Bg7 38. Nd4+ Kc4 39. b3+ Kc3 40. Nb5+ Kb2 41. Nxa7 Bf8 42. Nc6 Kxa2 43. b4 Kb3 44. Kd5 Bxb4 45. Nxb4 Kxb4 46. Ke5 h5 47. Kf5 h4 48. gxh4 gxh4 49. Kg4 Kc5 50. Kxh4 Kd6 51. Kg5 Ke7 52. Kg6 Kf8 53. g4 Kg8 54. g5 Kf8 55. Kh7 Ke7 56. g6 Kf6 57. g7 Kf7 58. g8=Q+ Kf6 59. Qg6+ Ke5 60. Kh6 Kf4 61. Kh5 Kf3 62. Kh4 Kf2 63. Qg4 1-0


[Site "https://www.chess.com"]

[Event "Titled Tuesday Blitz October 26 2021"]
[White "Erdogdu, Mert"]
[Black "Koutlas, Nikolaos"]
[WhiteFideId "6301495"]
[BlackFideId "25827138"]
[WhiteElo "2485"]
[BlackElo "1525"]
[Result "1-0"]
[Round "10"]
[TimeControl "180+1"]
[Date "2021.10.26"]
[WhiteClock "0:00:03"]
[BlackClock "0:00:03"]

1. e4 e5 2. Nf3 Nc6 3. Bc4 Bc5 4. d3 Nf6 5. O-O a6 6. Bb3 d6 7. c3 Ba7 8. Nbd2 O-O 9. h3 Kh8 10. Re1 Ng8 11. Nf1 f5 12. exf5 Bxf5 13. Ng3 Bg6 14. Bg5 Qd7 15. Be3 Bxe3 16. Rxe3 Nge7 17. d4 Nf5 18. Nxf5 Qxf5 19. Qd2 exd4 20. Nxd4 Nxd4 21. cxd4 Qg5 22. Qc3 c6 23. Rae1 d5 24. Re5 Qf4 25. Qe3 Kg8 26. g3 Qf6 27. f4 Kh8 28. Rf1 Be4 29. Kh2 Rae8 30. Rf2 Qg6 31. f5 Qf6 32. Rxe8 Rxe8 33. g4 h6 34. Bd1 a5 35. a3 Qd6+ 36. Qg3 Qd8 37. Qf4 Qf6 38. Qd2 Re7 39. Bf3 g5 40. Bd1 Kg7 41. Qc3 Qd6+ 42. Qg3 Kf6 43. Qxd6+ 1-0


[Site "https://www.chess.com"]

[Event "Titled Tuesday Blitz October 26 2021"]
[White "Gabrielian, Artur"]
[Black "Janaszak, Dawid"]
[WhiteFideId "4131002"]
[BlackFideId "1119206"]
[WhiteElo "2489"]
[BlackElo "2215"]
[Result "1-0"]
[Round "10"]
[TimeControl "180+1"]
[Date "2021.10.26"]
[WhiteClock "0:00:16"]
[BlackClock "0:00:02"]

1. e4 e5 2. Nf3 Nc6 3. Bb5 a6 4. Ba4 Nf6 5. d3 b5 6. Bb3 Be7 7. O-O O-O 8. a4 Bb7 9. Nc3 Nd4 10. Nxd4 exd4 11. Ne2 c5 12. Ng3 d5 13. axb5 axb5 14. Rxa8 Bxa8 15. exd5 Nxd5 16. Nf5 Bf6 17. Qg4 Kh8 18. h4 Re8 19. Bg5 g6 20. Nh6 Kg7 21. Ra1 Bxg5 22. hxg5 Re7 23. Qf3 Rd7 24. Bxd5 Bxd5 25. Qf4 Qe7 26. b4 f6 27. gxf6+ Qxf6 28. Qxf6+ Kxf6 29. Ng4+ Kf5 30. f3 cxb4 31. Re1 g5 32. Re8 b3 33. cxb3 Bxb3 34. Re5+ Kg6 35. Rxb5 Ba4 36. Ra5 Rc7 37. Rxa4 h5 38. Ra6+ Kf5 39. Rf6# 1-0


[Site "https://www.chess.com"]

[Event "Titled Tuesday Blitz October 26 2021"]
[White "Gelman, Alexander"]
[Black "Mikhailovsky, Vladimir"]
[WhiteFideId "4118316"]
[BlackFideId "34105414"]
[WhiteElo "2375"]
[BlackElo "2402"]
[Result "0-1"]
[Round "10"]
[TimeControl "180+1"]
[Date "2021.10.26"]
[WhiteClock "0:00:02"]
[BlackClock "0:00:22"]

1. d4 d5 2. Nc3 c6 3. Bf4 Bf5 4. f3 e6 5. e4 Bg6 6. h4 h5 7. Bd3 Bb4 8. Ne2 Nd7 9. a3 Ba5 10. Qd2 Bc7 11. O-O-O Ne7 12. Rhe1 O-O 13. Bxc7 Qxc7 14. Nf4 dxe4 15. fxe4 e5 16. Nxg6 Nxg6 17. d5 Nf6 18. Rf1 Nf4 19. g3 Nxd3+ 20. Qxd3 Ng4 21. Kb1 Rad8 22. Qd2 g6 23. Rf3 Kg7 24. Rdf1 f6 25. Rd1 Rd6 26. Rd3 Rfd8 27. Qe1 Qb6 28. R1d2 Kf7 29. Rf3 Ke7 30. Qe2 Qg1+ 31. Ka2 Qc5 32. b4 Qb6 33. Qc4 Ne3 34. Qc5 Ng4 35. Rfd3 Qxc5 36. bxc5 R6d7 37. Kb3 f5 38. Re2 f4 39. gxf4 exf4 40. d6+ Ke6 41. Rf3 Rf8 42. Kc4 Ne5+ 0-1


[Site "https://www.chess.com"]

[Event "Titled Tuesday Blitz October 26 2021"]
[White "Gokerkan, Cem Kaan"]
[Black "Yoo, Christopher Woojin"]
[WhiteFideId "6336760"]
[BlackFideId "30909694"]
[WhiteElo "2382"]
[BlackElo "2105"]
[Result "1/2-1/2"]
[Round "10"]
[TimeControl "180+1"]
[Date "2021.10.26"]
[WhiteClock "0:00:04"]
[BlackClock "0:00:03"]

1. e4 e5 2. Nf3 Nc6 3. Bc4 Bc5 4. c3 Nf6 5. d4 exd4 6. cxd4 Bb4+ 7. Nbd2 d5 8. exd5 Nxd5 9. O-O O-O 10. a3 Be7 11. Re1 Bf5 12. Ba2 Nb6 13. Ne4 Bxe4 14. Rxe4 Bf6 15. Bf4 Nd5 16. Bg3 Nce7 17. Qb3 Rb8 18. Rae1 b5 19. h3 Rb6 20. Be5 a6 21. Qc2 Rc6 22. Qd3 Ng6 23. Qb3 Nb6 24. Bg3 Nc4 25. a4 Rb6 26. axb5 axb5 27. h4 Ne7 28. h5 Nf5 29. Be5 Bxe5 30. dxe5 Qe7 31. Bb1 g6 32. Rf4 Ng7 33. h6 Ne6 34. Rf6 Rd8 35. Qc3 c5 36. b3 Na3 37. Be4 b4 38. Qe3 Qc7 39. Bb1 Nb5 40. Ng5 Nxg5 41. Qxg5 Re8 42. e6 Rbxe6 43. Rexe6 Rxe6 44. Rxe6 fxe6 45. Bxg6 hxg6 46. Qxg6+ Kh8 47. Qe8+ Kh7 48. Qxb5 Kxh6 49. Qc4 Qe5 50. g3 Kg6 51. Qg4+ Kf6 52. Qh4+ Kg6 53. Qg4+ Kf6 54. Qf3+ Kg6 55. Qd3+ Kf6 56. Qd8+ Kf7 57. Qd7+ Kf6 58. Qd8+ Kf7 59. Qd7+ Kf6 60. Qd8+ 1/2-1/2


[Site "https://www.chess.com"]